 Dungeon Crawl Stone Soup version 0.27-a0-1525-g1038ab4fd7 (webtiles) character file.

Game seed: 13129901461012770418

6283 Zonian the Destroyer (level 10, -8/76 HPs)
             Began as a Gnoll Conjurer on July 10, 2021.
             Was a Believer of Ashenzari.
             Mangled by a komodo dragon (28 damage)
             ... on level 9 of the Dungeon.
             The game lasted 00:28:45 (17551 turns).

Zonian the Destroyer (Gnoll Conjurer)              Turns: 17551, Time: 00:28:45

Health: -8/76      AC:  8    Str:  8    XL:     10   Next: 94%
Magic:  10/21      EV: 14    Int: 26    God:    Ashenzari [**....]
Gold:   255        SH:  0    Dex: 10    Spells: 14/24 levels left

rFire    . . .     SeeInvis +   w - +3 dagger "Ruined Together" {venom, Fort, Alch} (curse)
rCold    . . .     Faith    .   (no shield)
rNeg     . . .     Spirit   .   a - +0 robe
rPois    .         Reflect  .   (no helmet)
rElec    .         Harm     .   (no cloak)
rCorr    .         Rampage  .   h - +2 pair of gloves "Overhang to Understand" {Melee, Evo} (curse)
Will     .....                  d - +1 pair of boots of Ashenzari's Burden {Comp, Melee} (curse)
Stlth    +++.......             (no amulet)
HPRegen  0.22/turn              e - ring of the Mantic Gnosis {Int+6, Alch, Fort} (curse)
MPRegen  0.17/turn              (no ring)

@: no status effects
A: fangs 1, strong nose, distributed training
a: Renounce Religion, Curse Item, Shatter the Chains


You were on level 9 of the Dungeon.
You worshipped Ashenzari.
Ashenzari was pleased with you.
You visited 1 branch of the dungeon, and saw 9 of its levels.

You collected 514 gold pieces.
You spent 259 gold pieces at shops.

Inventory:

Hand Weapons
 g - a +0 short sword
 k - a +4 quarterstaff
 s - a +0 dagger of speed
 w - the cursed +3 dagger "Ruined Together" (weapon) {venom, Fort, Alch}
   (You took it off an orc on level 6 of the Dungeon)

   It poisons the flesh of those it strikes.
   It has a curse which improves the following skills: Fortitude: Armour and
   Shields.
   Alchemy:   Poison Magic and Transmutations.
 E - a +3 long sword
 I - the +9 rapier of Pyromania {vorpal, *Rage *Noise Will+++ rCorr}
   (You found it on level 8 of the Dungeon)

   It inflicts extra damage upon your enemies.
   *Noise:    It may make noises in combat.
   *Rage:     It may make you go berserk in combat.
   rCorr:     It protects you from acid and corrosion.
   Will:      It greatly increases your willpower.
Missiles
 j - 13 atropa-tipped darts
 r - 14 boomerangs
Armour
 a - a +0 robe (worn)
 d - the cursed +1 pair of boots of Ashenzari's Burden (worn) {Comp, Melee}
   (You found it on level 1 of the Dungeon)

   It has a curse which improves the following skills: Companions: Summonings
   and Necromancy.
   Melee Combat: Short Blades, Long Blades, Axes, Maces & Flails, Polearms,
   Staves and Unarmed Combat.
 h - the cursed +2 pair of gloves "Overhang to Understand" (worn) {Melee, Evo}
   (You found it on level 6 of the Dungeon)

   It has a curse which improves the following skills: Melee Combat: Short
   Blades, Long Blades, Axes, Maces & Flails, Polearms, Staves and Unarmed
   Combat.
   Evocations: Evocations.
Magical Staves
 F - a staff of air
Jewellery
 e - the cursed ring of the Mantic Gnosis (left hand) {Int+6, Alch, Fort}
   (You found it on level 1 of the Dungeon)

   [ring of intelligence]

   Int:       It affects your intelligence (+6).
   It has a curse which improves the following skills: Alchemy: Poison Magic and
   Transmutations.
   Fortitude: Armour and Shields.
 t - an amulet of faith
 D - a ring of willpower
 K - a ring of protection from fire
Wands
 y - a wand of digging (9)
 G - a wand of flame (29)
Scrolls
 p - 2 scrolls of noise
 v - 2 scrolls of teleportation
 A - a scroll of amnesia
 B - a scroll of brand weapon
 C - a scroll of fear
 J - a scroll of summoning
Potions
 b - 2 potions of brilliance
 c - 2 potions of might
 f - a potion of haste
 i - 2 potions of cancellation
 l - 3 potions of curing
 m - a potion of mutation
 n - a potion of resistance
 o - a potion of flight
 q - 2 potions of attraction
 u - a potion of ambrosia
 x - a potion of heal wounds
 z - a potion of invisibility
 H - a potion of berserk rage


   Skills:
 + Level 5.7 Fighting
 + Level 5.7(8.0) Short Blades
 + Level 5.7(8.0) Long Blades
 + Level 5.7(8.0) Axes
 + Level 5.7(8.0) Maces & Flails
 + Level 5.7(8.0) Polearms
 + Level 5.7(8.0) Staves
 + Level 5.7 Slings
 + Level 5.7 Bows
 + Level 5.7 Crossbows
 + Level 5.7 Throwing
 + Level 5.7(8.0) Armour
 + Level 7.4 Dodging
 + Level 7.2 Stealth
 + Level 5.7(8.0) Shields
 + Level 5.7(8.0) Unarmed Combat
 + Level 7.7 Spellcasting
 + Level 8.6 Conjurations
 + Level 4.7 Hexes
 + Level 4.7(6.1) Summonings
 + Level 4.7(6.1) Necromancy
 + Level 4.7 Translocations
 + Level 4.7(6.9) Transmutations
 + Level 4.7 Fire Magic
 + Level 4.7 Ice Magic
 + Level 4.7 Air Magic
 + Level 4.7 Earth Magic
 + Level 4.7(6.9) Poison Magic
 + Level 6.3 Invocations
 + Level 5.7(7.2) Evocations


You had 14 spell levels left.
You knew the following spells:

 Your Spells              Type           Power      Damage    Failure   Level
a - Magic Dart            Conj           100%       1d8       1%          1
b - Searing Ray           Conj           100%       3d7       1%          2
c - Mephitic Cloud        Conj/Pois/Air  45%        N/A       1%          3
d - Iskenderun's Mystic   Conj/Tloc      44%        2d10      3%          4

Your spell library contained the following spells:

 Spells                   Type           Power      Damage    Failure   Level
 Freeze                   Ice            100%       1d11      1%          1
 Poisonous Vapours        Pois/Air       80%        N/A       1%          2
 Dazzling Flash           Conj/Hex       88%        N/A       1%          3
 Frozen Ramparts          Ice            68%        1d8       2%          3
 Fulminant Prism          Conj/Hex       22%        3d13      3%          4
 Hailstorm                Conj/Ice       44%        3d10      3%          4
 Freezing Cloud           Conj/Ice/Air   20%        6-21      14%         5


Dungeon Overview and Level Annotations

Branches:
Dungeon (9/15)             Temple (0/1) D:7            Lair (0/6) D:9
    Orc: D:9-12

Altars:
Ashenzari
Elyvilon
Fedhas
Gozag
Makhleb
Nemelex Xobeh
Okawaru
Ru
Trog
Vehumet
Xom
Yredelemnul
Jiyva

Shops:
D:4 (?[   D:7 !=(***

Annotations:
D:4 Menkaure
D:8 1 transporter
D:9 3 runed translucent doors, flotson's ghost, novice DrDe


Innate Abilities, Weirdness & Mutations

You have very sharp teeth.
Your uncanny sense of smell can sniff out nearby items.
Your experience applies equally to all skills.


Message History

The wyvern barely misses you.
Unknown command.
The searing ray hits the wyvern!
The wyvern is heavily wounded.
The searing ray hits the komodo dragon.
The komodo dragon is lightly wounded.
The wyvern misses you. The wyvern barely misses you.
Unknown command.
The searing ray hits the wyvern!
You kill the wyvern!
Unknown command.
You barely miss the komodo dragon.
The komodo dragon is lightly wounded.
The komodo dragon misses you.
You closely miss the komodo dragon.
The komodo dragon is lightly wounded.
The komodo dragon bites you!!
You hit the komodo dragon but do no damage.
The komodo dragon is lightly wounded.
You hit the komodo dragon but do no damage.
The komodo dragon is poisoned.
The komodo dragon is lightly wounded.
The komodo dragon bites you!
You hit the komodo dragon but do no damage.
The komodo dragon looks as sick as possible!
The komodo dragon is lightly wounded.
Casting: Searing Ray (safe; 1% risk of failure)
Confirm with . or Enter, or press ? or * to list all spells.
Aiming: Searing Ray (safe; 1% risk of failure)
Press: ? - help, Shift-Dir - straight line, f - komodo dragon
Aim: a komodo dragon (lightly wounded, extremely poisoned, 87% to hit)
The searing ray hits the komodo dragon!
The komodo dragon is moderately wounded. (Press . to maintain the ray.)
The komodo dragon bites you!
* * * LOW HITPOINT WARNING * * *
The searing ray hits the komodo dragon.
The komodo dragon is heavily wounded.
The komodo dragon bites you!!
You die...

** #####...........#
*###...............#
,
..#...............#
#.'...............#
*
..#...............#
, #
#...............# ,
* *
###...............#
......l...........#
......†@..........#
..................#
..................#
*
*###################


You could see a komodo dragon (extremely poisoned).

Vanquished Creatures
  Pikel (D:5)
  2 komodo dragons (D:9)
  Prince Ribbit (D:9)
  A slime creature (D:6)
  4 wyverns
  A wraith (D:6)
  A steam dragon (D:6)
  A basilisk (D:9)
  A hornet zombie (D:6)
  2 black bears (D:6)
  An ice beast (D:7)
  An orc warrior (D:5)
  A swamp drake (D:9)
  3 sky beasts
  2 necrophages
  2 ogres
  A phantom (D:4)
  3 centaurs
  4 lemures
  2 bullfrogs
  A wyvern zombie (D:6)
  A gnoll sergeant (D:9)
  A scorpion (D:4)
  A water moccasin zombie (D:6)
  A water moccasin skeleton (D:6)
  A wyvern skeleton (D:6)
  8 killer bees
  5 wights (D:8)
  4 howler monkeys
  2 bullfrog zombies
  5 hounds
  2 orc priests (D:4)
  3 centaur zombies (D:6)
  2 gnoll shamans (D:8)
  9 jellies
  3 bullfrog skeletons
  3 centaur skeletons
  An iguana (D:5)
  8 orc wizards
  A hound zombie (D:5)
  14 gnolls
  4 adders
  2 ufetubi
  A dart slug (D:4)
  4 worms
  36 orcs
  6 ball pythons
  22 endoplasms
  2 giant cockroaches
  2 goblins
  11 hobgoblins
  14 jackals
  A quokka (D:2)
  3 frilled lizards
  A kobold (D:2)
  5 rats
225 creatures vanquished.

Vanquished Creatures (others)
  6 fungi (D:6)
  3 withered plants (D:6)
9 creatures vanquished.

Grand Total: 234 creatures vanquished

Notes
Turn   | Place    | Note
-------+----------+-------------------------------------------
     0 | D:1      | Zonian the Gnoll Conjurer began the quest for the Orb.
     0 | D:1      | Reached XP level 1. HP: 13/13 MP: 6/6
   300 | D:1      | Reached XP level 2. HP: 19/19 MP: 5/7
  1211 | D:2      | Learned a level 2 spell: Searing Ray
  1527 | D:2      | Reached XP level 3. HP: 25/25 MP: 5/9
  1529 | D:2      | Reached skill level 5 in Spellcasting
  1980 | D:2      | Reached skill level 1 in Invocations
  2552 | D:3      | You fall into a shaft and drop 2 floors!
  2552 | D:5      | Entered Level 5 of the Dungeon
  2570 | D:5      | Reached skill level 1 in Fighting
  2570 | D:5      | Reached skill level 1 in Short Blades
  2570 | D:5      | Reached skill level 1 in Long Blades
  2570 | D:5      | Reached skill level 1 in Axes
  2570 | D:5      | Reached skill level 1 in Maces & Flails
  2570 | D:5      | Reached skill level 1 in Polearms
  2570 | D:5      | Reached skill level 1 in Staves
  2570 | D:5      | Reached skill level 1 in Slings
  2570 | D:5      | Reached skill level 1 in Bows
  2570 | D:5      | Reached skill level 1 in Crossbows
  2570 | D:5      | Reached skill level 1 in Throwing
  2570 | D:5      | Reached skill level 1 in Armour
  2570 | D:5      | Reached skill level 1 in Shields
  2570 | D:5      | Reached skill level 1 in Unarmed Combat
  2570 | D:5      | Reached skill level 1 in Evocations
  2570 | D:5      | Reached XP level 4. HP: 28/32 MP: 6/11
  2662 | D:5      | Noticed an ogre
  2665 | D:5      | Killed an ogre
  2666 | D:5      | Reached skill level 1 in Hexes
  2666 | D:5      | Reached skill level 1 in Summonings
  2666 | D:5      | Reached skill level 1 in Necromancy
  2666 | D:5      | Reached skill level 1 in Translocations
  2666 | D:5      | Reached skill level 1 in Transmutations
  2666 | D:5      | Reached skill level 1 in Fire Magic
  2666 | D:5      | Reached skill level 1 in Ice Magic
  2666 | D:5      | Reached skill level 1 in Air Magic
  2666 | D:5      | Reached skill level 1 in Earth Magic
  2666 | D:5      | Reached skill level 1 in Poison Magic
  2666 | D:5      | Reached XP level 5. HP: 37/37 MP: 7/12
  2705 | D:5      | Noticed a sky beast
  2726 | D:5      | Killed a sky beast
  2727 | D:5      | Reached XP level 6. HP: 44/44 MP: 6/13
  3502 | D:5      | Reached skill level 5 in Dodging
  3552 | D:4      | Found Beacomn's Armour Shoppe.
  3955 | D:5      | Noticed an orc warrior
  3962 | D:5      | Killed an orc warrior
  4428 | D:5      | Reached XP level 7. HP: 50/50 MP: 8/15
  4670 | D:4      | Noticed Pikel
  4681 | D:5      | Killed Pikel
  4682 | D:5      | Reached skill level 5 in Stealth
  4682 | D:5      | Reached XP level 8. HP: 28/57 MP: 8/16
  6548 | D:6      | Reached XP level 9. HP: 39/65 MP: 11/18
  7638 | D:4      | Found Luirchye's Magic Scroll Shop.
  7646 | D:4      | Bought a scroll of identify for 20 gold pieces
  7646 | D:4      | Bought a scroll of identify for 20 gold pieces
  8040 | D:4      | Noticed Menkaure
  8370 | D:3      | Found a blossoming altar of Fedhas.
  8438 | D:3      | Found a shimmering altar of Xom.
  8455 | D:3      | Learned a level 3 spell: Mephitic Cloud
  8496 | D:3      | Found an iron altar of Okawaru.
  8708 | D:3      | Found a broken altar of Ashenzari.
  8715 | D:3      | Found a white marble altar of Elyvilon.
  8719 | D:3      | Became a worshipper of Ashenzari the Shackled
  9407 | D:4      | Reached skill level 8 in Conjurations
  9462 | D:4      | Found Roafeu's Weapon Emporium.
 10629 | D:6      | Found a bloodstained altar of Trog.
 11413 | D:6      | Reached skill level 5 in Invocations
 11982 | D:6      | Reached XP level 10. HP: 37/73 MP: 7/20
 12823 | D:7      | Found Domya's Assorted Antiques.
 12824 | D:7      | Found Pimnipno's General Store.
 12826 | D:7      | Found Nicutri's General Store.
 12826 | D:7      | Found Duvaikk's Antique Weapon Shop.
 12826 | D:7      | Found Powkit's Distillery.
 12826 | D:7      | Found Lyklemud's Jewellery Emporium.
 12835 | D:7      | Bought 2 potions of curing for 72 gold pieces
 12835 | D:7      | Bought a potion of heal wounds for 60 gold pieces
 12877 | D:7      | Bought a scroll labelled ZECLEFE DIAMM for 29 gold pieces
 12877 | D:7      | Bought a scroll labelled ZEHAPA LUMA for 29 gold pieces
 12877 | D:7      | Bought a scroll labelled VESHRI GIKESCHOHAQ for 29 gold
                  | pieces
 12931 | D:7      | Reached * piety under Ashenzari
 13155 | D:7      | Found a staircase to the Ecumenical Temple.
 13405 | D:7      | Reached skill level 5 in Fighting
 13405 | D:7      | Reached skill level 5 in Short Blades
 13405 | D:7      | Reached skill level 5 in Long Blades
 13405 | D:7      | Reached skill level 5 in Axes
 13405 | D:7      | Reached skill level 5 in Maces & Flails
 13405 | D:7      | Reached skill level 5 in Polearms
 13405 | D:7      | Reached skill level 5 in Staves
 13405 | D:7      | Reached skill level 5 in Slings
 13405 | D:7      | Reached skill level 5 in Bows
 13405 | D:7      | Reached skill level 5 in Crossbows
 13405 | D:7      | Reached skill level 5 in Throwing
 13405 | D:7      | Reached skill level 5 in Armour
 13405 | D:7      | Reached skill level 5 in Shields
 13405 | D:7      | Reached skill level 5 in Unarmed Combat
 13405 | D:7      | Reached skill level 5 in Evocations
 13916 | D:8      | Found an opulent altar of Gozag.
 14493 | D:8      | Learned a level 4 spell: Iskenderun's Mystic Blast
 15003 | D:8      | Found a radiant altar of Vehumet.
 15368 | D:8      | Identified the +9 rapier of Pyromania {vorpal, *Rage *Noise
                  | Will+++ rCorr}
 15409 | D:8      | Found a sparkling altar of Nemelex Xobeh.
 15409 | D:8      | Found a transporter.
 15411 | D:8      | Noticed a deep elf pyromancer
 15627 | D:8      | Reached ** piety under Ashenzari
 16187 | D:9      | Found a runed translucent gate.
 16187 | D:9      | Found a runed translucent gate.
 16187 | D:9      | Found a runed translucent gate.
 16191 | D:9      | Noticed flotson's ghost (novice DrDe)
 16194 | D:9      | Found a viscous altar of Jiyva.
 16727 | D:9      | Found a basalt altar of Yredelemnul.
 16791 | D:9      | Found a sacrificial altar of Ru.
 16872 | D:9      | Found a burning altar of Makhleb.
 17253 | D:9      | Found a staircase to the Lair.
 17349 | D:9      | Noticed Prince Ribbit
 17361 | D:9      | Killed Prince Ribbit
 17551 | D:9      | Mangled by a komodo dragon

Illustrated notes

Levels and vault maps discovered:
D:1:      dpeg_arrival_rooms_c, layout_loops_ring, serial_park_tiny_pond
D:2:      cheibrodos_helix_gallery, layout_basic
D:3:      layout_basic, okawaru_gym_becter, elyvilon_altar_4,
          cheibrodos_ashenzari_chains, mainiacjoe_overflow_catwalk,
          mainiacjoe_overflow_cross_hatched, serial_bayou_crossing
D:4:      layout_loops_cross, serial_shops,
          nicolae_shop_temple_entry_statues_fountains, shop_statue,
          nicolae_take_the_stairs, minmay_misc_feat_cross, hex_tiny,
          chequers_serial_rivers_marsh, uniq_pikel, uniq_menkaure
D:5:      layout_basic
D:6:      lemuel_slime, layout_gridville, lemuel_round_altar, serial_undead,
          serial_undead_d, serial_undead_e, serial_undead_a, serial_undead_b,
          serial_undead_a, serial_undead_f
D:7:      layout_basic, minmay_temple_entry_antechambers,
          chequers_serial_rivers_micro_d, nicolae_wooded_promenade,
          hangedman_decor_opposing, roderic_serpentine_path,
          grunt_ministairs_15, minmay_misc_feat_rows
D:8:      layout_loops_corners, lemuel_crystal_altar, grunt_nemelex_the_gamble,
          nicolae_gozag_seed_capital
D:9:      layout_small_grid, general_overflow_altar,
          mainiacjoe_overflow_tiny_flanked, nicolae_tso_swordbearing_angel,
          mainiacjoe_overflow_surrounded_room, erik_lair_dragon, serial_glass,
          glass_columns_b, glass_columns_a, gammafunk_ghost_ooze,
          minmay_tree_intersection, grunt_ministairs_1, uniq_prince_ribbit1

Skill      XL: |  1  2  3  4  5  6  7  8  9 10 |
---------------+-------------------------------+-----
Spellcasting   | 5 6 7 |  7.7
Invocations    | 1 2 3 4 5 6 |  6.3
Fighting       | 1 2 3 4 5 |  5.7
Short Blades   | 1 2 3 4 5 |  5.7
Long Blades    | 1 2 3 4 5 |  5.7
Axes           | 1 2 3 4 5 |  5.7
Maces & Flails | 1 2 3 4 5 |  5.7
Polearms       | 1 2 3 4 5 |  5.7
Staves         | 1 2 3 4 5 |  5.7
Slings         | 1 2 3 4 5 |  5.7
Bows           | 1 2 3 4 5 |  5.7
Crossbows      | 1 2 3 4 5 |  5.7
Throwing       | 1 2 3 4 5 |  5.7
Armour         | 1 2 3 4 5 |  5.7
Shields        | 1 2 3 4 5 |  5.7
Unarmed Combat | 1 2 3 4 5 |  5.7
Evocations     | 1 2 3 4 5 |  5.7
Hexes          | 1 2 3 4 |  4.7
Summonings     | 1 2 3 4 |  4.7
Necromancy     | 1 2 3 4 |  4.7
Translocations | 1 2 3 4 |  4.7
Transmutations | 1 2 3 4 |  4.7
Fire Magic     | 1 2 3 4 |  4.7
Ice Magic      | 1 2 3 4 |  4.7
Air Magic      | 1 2 3 4 |  4.7
Earth Magic    | 1 2 3 4 |  4.7
Poison Magic   | 1 2 3 4 |  4.7
Dodging        | 5 6 7 |  7.4
Stealth        | 5 6 7 |  7.2
Conjurations   | 8 |  8.6

Action                   |  1- 3 |  4- 6 |  7- 9 | 10-12 || total
-------------------------+-------+-------+-------+-------++-------
Melee: Short sword       |     5 |       |       |       ||     5
       Quarterstaff      |       |     2 |    93 |       ||    95
       Bite              |       |       |    10 |     9 ||    19
       Dagger            |       |       |    15 |   155 ||   170
       Punch             |       |       |       |     2 ||     2
 Cast: Magic Dart        |    65 |    37 |   221 |   145 ||   468
       Searing Ray       |     1 |     4 |    28 |    13 ||    46
       Mephitic Cloud    |       |       |       |     1 ||     1
       Iskenderun's Myst |       |       |       |     1 ||     1
Invok: Curse Item        |       |       |     1 |     3 ||     4
  Use: Scroll            |     3 |     7 |     3 |     2 ||    15
       Potion            |       |       |     3 |     2 ||     5
 Stab: Distracted        |       |       |     1 |       ||     1
       Sleeping          |       |       |       |     2 ||     2
       Confused          |       |       |       |     1 ||     1
Armor: Robe              |     1 |       |    50 |    44 ||    95
Dodge: Dodged            |    13 |     6 |   157 |   130 ||   306

Table legend: (Time is in decaauts)
 A = Elapsed time spent in this place.
 B = Non-inter-level travel time spent in this place.
 C = Inter-level travel time spent in this place.
 D = Time resting spent in this place.
 E = Time spent auto-exploring this place.
 F = Levels seen in this place.
 G = Mean time per level.
                   A        B        C        D        E       F      G
               +--------+--------+--------+--------+--------+-----+--------+
         Total |  17530 |  17133 |    397 |   9478 |   5721 |   9 | 1947.8 |
       Dungeon |  17530 |  17133 |    397 |   9478 |   5721 |   9 | 1947.8 |
               +--------+--------+--------+--------+--------+-----+--------+

Top non-repeatable levels by time:
     D:6: 4801 daAuts
     D:5: 2424 daAuts
     D:8: 2342 daAuts
     D:4: 1573 daAuts
     D:7: 1417 daAuts
     D:9: 1373 daAuts
     D:2: 1271 daAuts
     D:1: 1208 daAuts
     D:3: 1118 daAuts
